 Dungeon Crawl Stone Soup version 0.25-a0-589-g1e14c549ee (webtiles) character file.

Game seed: 8345381324897508383, levelgen mode: deterministic

6592 Kohma the Martial Artist (level 10, 0/121 HPs)
             Began as a Yellow Draconian Transmuter on Mar 10, 2020.
             Was an Elder of Makhleb.
             Slain by a deep elf mage
             ... wielding a +0 long sword
              (8 damage)
             ... in a bailey.
             The game lasted 00:36:16 (11189 turns).

Kohma the Martial Artist (DrTm)                    Turns: 11189, Time: 00:36:16

Health: 0/121      AC:  2    Str: 12    XL:     10   Next: 71%
Magic:  9/14       EV: 20    Int: 16    God:    Makhleb [****..]
Gold:   324        SH:  6    Dex: 20    Spells: 6/15 levels left

rFire    + . .     SeeInvis .     - Unarmed
rCold    + . .     Gourm    .   (shield currently unavailable)
rNeg     . . .     Faith    .   (armour unavailable)
rPois    x         Spirit   .   (helmet currently unavailable)
rElec    .         Reflect  +   (cloak currently unavailable)
rCorr    .         Harm     .   (gloves currently unavailable)
MR       .....                  (boots currently unavailable)
Stlth    ..........             e - +6 amulet of reflection
HPRegen  0.30/turn              C - ring of Hicik {+Fly rF+ rC+ Dex+2}
MPRegen  0.14/turn              (no ring)

@: berserking (expiring), spider-form (expiring), very slightly contaminated,
drained, very quick
A: tiny, (spit acid), unfitting armour, AC +7
a: End Transformation, Minor Destruction, Lesser Servant of Makhleb, Major
Destruction, Renounce Religion, Evoke Flight


You were in a bailey.
You worshipped Makhleb.
Makhleb was greatly pleased with you.
You were not hungry.
You were a venomous arachnid creature.
You visited 2 branches of the dungeon, and saw 10 of its levels.
You also visited: Sewer and Bailey.

You collected 511 gold pieces.
You spent 187 gold pieces at shops.

Inventory:

Hand Weapons
 D - the +6 halberd of Turmoil {protect, *Noise rElec MR+++ SInv}
   (You found it on level 8 of the Dungeon)

   It grants its wielder temporary protection when it strikes (+7 to AC).
   It insulates you from electricity.
   It affects your resistance to hostile enchantments.
   It lets you see invisible.
   It may make noises in combat.
Missiles
 a - 118 arrows
 d - 231 stones (quivered)
 w - 13 poisoned darts
Armour
 o - a +0 tower shield
 q - a +0 pair of gloves of archery (melded)
 x - a +0 buckler (melded)
Jewellery
 e - a +6 amulet of reflection (around neck)
 n - an uncursed amulet of regeneration
 C - the ring of Hicik (left front leg) {+Fly rF+ rC+ Dex+2}
   (You found it on level 8 of the Dungeon)

   [ring of protection from fire]

   It affects your dexterity (+2).
   It protects you from fire.
   It protects you from cold.
   It lets you fly.
Wands
 g - a wand of random effects (22)
 k - a wand of enslavement (8)
 p - a wand of iceblast (34)
 u - a wand of flame (20)
 z - a wand of polymorph (10)
Scrolls
 f - 3 scrolls of enchant armour
 j - 7 scrolls of identify
 m - 2 scrolls of magic mapping
 r - 2 scrolls of amnesia
 v - 4 scrolls of remove curse
 y - 2 scrolls of teleportation
Potions
 b - 3 potions of stabbing
 h - a potion of might
 i - a potion of cancellation
 l - a potion of magic
 s - 2 potions of flight
 t - 3 potions of curing
 B - a potion of ambrosia
Comestibles
 c - 27 rations


   Skills:
 - Level 5.0(4.2) Fighting
 - Level 3.0(2.2) Dodging
 - Level 4.0(3.3) Shields
 + Level 10.8(9.9) Unarmed Combat
 - Level 3.1(2.3) Spellcasting
 - Level 4.3(3.6) Hexes
 - Level 8.0(7.2) Transmutations
 - Level 2.1(1.4) Poison Magic
 - Level 4.1(3.3) Invocations


You had 6 spell levels left.
You knew the following spells:

 Your Spells              Type           Power        Failure   Level  Hunger
a - Beastly Appendage     Tmut           ####..       5%          1    #......
b - Sticks to Snakes      Tmut           ####....     7%          2    ###....
c - Spider Form           Tmut/Pois      ###.......   24%         3    ###....
d - Confusing Touch       Hex            ##......     32%         3    ###....

Your spell library contained the following spells:

 Spells                   Type           Power        Failure   Level  Hunger
 Corona                   Hex            ##.....      14%         1    #......
 Ensorcelled Hibernation  Hex/Ice        #.....       32%         2    ###....
 Tukima's Dance           Hex            ##......     32%         3    ###....
 Dazzling Flash           Conj/Hex       #.....       50%         3    ###....
 Blade Hands              Tmut           ####......   50%         5    ######.
 Ice Form                 Ice/Tmut       ##......     63%         4    #####..


Dungeon Overview and Level Annotations

Branches:
Dungeon (9/15)             Temple (1/1) D:4           Sewer (visited)
 Bailey (1/1)
   Lair: D:8-11         Orc: D:9-12

Altars:
Ashenzari
Cheibriados
Dithmenos
Elyvilon
Fedhas
Gozag
Hepliaklqana
Kikubaaqudgha
Makhleb
Nemelex Xobeh
Okawaru
Qazlal
Ru
Sif Muna
Trog
Uskayaw
Vehumet
Wu Jian
Xom
Yredelemnul
Zin
The Shining One
Lugonu

Shops:
D:6 }


Innate Abilities, Weirdness & Mutations

((You can spit globs of acid.))
((Your golden yellow scales are hard. (AC +7)))
You cannot fit into any form of body armour.
((You are cold-blooded and may be slowed by cold attacks.))
((You are resistant to acid. (rCorr)))


Message History

* * * LOW HITPOINT WARNING * * *
The deep elf mage hits you with a +0 long sword.
* * * LOW HITPOINT WARNING * * *
You feel a strong urge to attack something.
You bite the deep elf mage!
The deep elf mage looks as sick as possible!
The deep elf mage is almost dead.
The deep elf mage barely misses you.
You bite the deep elf mage!
You kill the deep elf mage!
Makhleb accepts your kill.
The ice beast disappears in a puff of smoke!
You bite the deep elf mage!
The deep elf mage looks as sick as possible!
The deep elf mage is heavily wounded.
Something hits your neqoxec. Something burns your neqoxec!
You bite the deep elf mage!
The deep elf mage is severely wounded.
The deep elf mage hits you with a +0 long sword!
You die...

#####
######...##
##..##..∩..#
##
#....#.....#
..#
#....##...##
...#
#..##'######..
###.).###...##
#.....#.....#
#..∩..#s....#
#....5#e)...#
##....#....##
#####3#####
#..E.#....#
#○..○E .....#
#..... .....#
#..... .....#
##...# #...##


You could see a deep elf mage and a friendly neqoxec.

Vanquished Creatures
  3 deep elf magi (Bailey)
  2 hippogriffs (D:7)
  A slime creature (D:7)
  3 hogs (D:7)
  A human (D:7)
  2 yaks (D:7)
  A hungry ghost (D:7)
  A water moccasin (D:8)
  3 orc warriors
  2 sky beasts
  A black bear (D:7)
  2 ice beasts
  A phantom (D:8)
  6 ogres
  3 centaurs
  5 bullfrogs
  4 wights
  2 crimson imps
  3 hounds
  3 orc priests
  2 bullfrog skeletons
  Ijyb (D:4)
  10 worker ants
  5 iguanas
  3 orc wizards (D:7)
  A worker ant zombie (D:5)
  A gnoll (D:7)
  9 adders
  2 shadow imps
  4 oozes (Sewer)
  An adder skeleton (D:4)
  7 worms
  A dart slug (D:1)
  9 leopard geckos
  21 orcs
  10 ball pythons
  10 giant cockroaches
  9 goblins
  6 hobgoblins
  5 jackals
  3 quokkas
  18 bats
  9 frilled lizards
  8 kobolds
  A quokka zombie (D:6)
  9 rats
214 creatures vanquished.

Vanquished Creatures (collateral kills)
  A deep elf mage (Bailey)
  Grinder (D:6)
  A soldier ant (D:7)
  An orc warrior (D:8)
  A black bear (D:6)
  A bullfrog (Sewer)
  6 wights
  A howler monkey (D:6)
  A jelly (D:7)
  A bullfrog skeleton (D:4)
  An iguana (D:6)
  2 adders
  8 oozes (Sewer)
  2 leopard geckos (Sewer)
  6 orcs
  3 giant cockroaches (Sewer)
  8 ball pythons
  2 frilled lizards
  A goblin (D:3)
  A rat (D:3)
49 creatures vanquished.

Grand Total: 263 creatures vanquished

Notes
Turn   | Place    | Note
-------+----------+-------------------------------------------
     0 | D:1      | Kohma the Draconian Transmuter began the quest for the Orb.
     0 | D:1      | Reached XP level 1. HP: 16/16 MP: 3/3
   314 | D:1      | Reached XP level 2. HP: 22/23 MP: 3/5
   321 | D:1      | Learned a level 2 spell: Sticks to Snakes
  1211 | D:2      | Reached XP level 3. HP: 29/29 MP: 4/6
  1311 | D:2      | Found an ornate altar of the Wu Jian Council.
  1342 | D:2      | Found an ancient bone altar of Kikubaaqudgha.
  1731 | D:2      | Found a burning altar of Makhleb.
  1733 | D:2      | Noticed a scorpion
  1735 | D:2      | Found a radiant altar of Vehumet.
  1735 | D:2      | Noticed an ogre
  1744 | D:2      | Found a transporter.
  1751 | D:2      | Found a transporter.
  1994 | D:2      | Learned a level 3 spell: Spider Form
  2004 | D:2      | Became a worshipper of Makhleb the Destroyer
  2020 | D:2      | Reached skill level 4 in Unarmed Combat
  2020 | D:2      | Reached XP level 4. HP: 12/36 MP: 1/7
  2630 | D:3      | Found a hazy altar of Hepliaklqana.
  2802 | D:3      | Found a glowing drain.
  2805 | D:3      | Reached * piety under Makhleb
  2825 | Sewer    | Entered a sewer
  3108 | Sewer    | Reached XP level 5. HP: 41/42 MP: 4/8
  3377 | Sewer    | Reached ** piety under Makhleb
  3418 | Sewer    | Reached skill level 5 in Unarmed Combat
  3433 | Sewer    | Reached XP level 6. HP: 40/51 MP: 3/9
  3459 | Sewer    | Learned a level 3 spell: Confusing Touch
  4707 | D:4      | Reached skill level 6 in Unarmed Combat
  4720 | D:4      | Noticed Ijyb
  4727 | D:4      | Killed Ijyb
  4982 | D:4      | Your scales start taking on a golden yellow colour.
  4982 | D:4      | Reached XP level 7. HP: 47/60 MP: 7/10
  4982 | D:4      | Gained mutation: You are resistant to acid. (rCorr) [Yellow
                  | Draconian growth]
  5339 | D:4      | Found an iron altar of Okawaru.
  5339 | D:4      | Found a shadowy altar of Dithmenos.
  5340 | D:4      | Found a sparkling altar of Nemelex Xobeh.
  5341 | D:4      | Found a stormy altar of Qazlal.
  5352 | D:4      | Found a hide-covered altar of Uskayaw.
  5411 | D:4      | Found a glowing golden altar of the Shining One.
  5472 | D:4      | Found a glowing silver altar of Zin.
  5588 | D:4      | Reached skill level 5 in Fighting
  5588 | D:4      | Reached skill level 7 in Unarmed Combat
  5712 | D:4      | Found a staircase to the Ecumenical Temple.
  5729 | Temple   | Entered the Ecumenical Temple
  5809 | D:5      | Entered Level 5 of the Dungeon
  5811 | D:5      | Reached skill level 1 in Invocations
  5817 | D:5      | Reached skill level 1 in Poison Magic
  6080 | D:5      | Reached XP level 8. HP: 17/68 MP: 11/11
  6736 | D:6      | Reached *** piety under Makhleb
  7234 | D:6      | Reached skill level 5 in Transmutations
  7274 | D:6      | Noticed Grinder
  7284 | D:6      | Killed Grinder
  7284 | D:6      | Reached skill level 8 in Unarmed Combat
  7461 | D:6      | Found Myson's Gadget Boutique.
  7469 | D:6      | Bought a wand of iceblast (13) for 187 gold pieces
  7747 | D:6      | Reached XP level 9. HP: 37/74 MP: 7/12
  7886 | D:7      | Reached **** piety under Makhleb
  7981 | D:7      | HP: 3/74 [poisoned by a soldier ant]
  8111 | D:7      | Reached skill level 9 in Unarmed Combat
  8200 | D:7      | Reached skill level 1 in Shields
  8254 | D:7      | Found a sacrificial altar of Ru.
  8634 | D:7      | Reached skill level 1 in Hexes
  8634 | D:7      | Reached XP level 10. HP: 81/81 MP: 10/14
  8770 | D:7      | Found a bloodstained altar of Trog.
 10626 | D:8      | Got a bound golden ring
 10640 | D:8      | Got a faintly glowing halberd
 10641 | D:8      | Identified the +6 halberd of Turmoil {protect, *Noise rElec
                  | MR+++ SInv} (You found it on level 8 of the Dungeon)
 10642 | D:8      | Identified the ring of Hicik {+Fly rF+ rC+ Dex+2} (You
                  | found it on level 8 of the Dungeon)
 11042 | D:9      | Found a flagged portal.
 11049 | Bailey   | Entered a bailey
 11142 | Bailey   | Noticed a deep elf mage
 11156 | Bailey   | Killed a deep elf mage
 11156 | Bailey   | Reached skill level 10 in Unarmed Combat
 11160 | Bailey   | Noticed a deep elf mage
 11161 | Bailey   | Noticed a deep elf mage
 11161 | Bailey   | Noticed a deep elf mage
 11161 | Bailey   | Noticed a deep elf mage
 11162 | Bailey   | Noticed a deep elf mage
 11176 | Bailey   | Killed a deep elf mage
 11183 | Bailey   | Killed a deep elf mage
 11187 | Bailey   | Killed a deep elf mage
 11189 | Bailey   | Slain by a deep elf mage

Levels and vault maps discovered:
D:1:      ncdulo_lavacross, layout_loops_ring, serial_forest,
          infiniplex_forest_lined_ring, infiniplex_forest_lined_corner,
          infiniplex_forest_fountain, infiniplex_forest_end_3,
          infiniplex_forest_straight_2, infiniplex_forest_pool,
          infiniplex_forest_corner_1, supply_closet_lemuel, minmay_misc_feat_x
D:2:      layout_basic, gammafunk_temple_overflow_arena,
          grunt_temple_overflow_open
D:3:      layout_basic, lemuel_round_altar, cheibrodos_sewer_entry_sluice,
          grunt_decor_clamped
D:4:      layout_cave_pools, minitemple, tso_oasis_becter, lemuel_round_altar,
          minmay_temple_entry_offerings, uniq_ijyb
D:5:      layout_basic, first_ration
D:6:      layout_basic, serial_shops, shop, roderic_batcave,
          serial_bayou_pond_a, uniq_grinder
D:7:      minmay_the_grid_four_pointed_star
          [minmay_the_grid_triangle_9x9_from_above,
          minmay_the_grid_triangle_9x9_swiss_cheese,
          minmay_the_grid_triangle_9x9_empty,
          minmay_the_grid_triangle_9x9_sprig,
          minmay_the_grid_prize_four_corners], layout_rooms, kennysheep_mini,
          bloody_trog, minmay_door_square, grunt_livestock
D:8:      layout_rooms, minmay_radiant
D:9:      hangedman_cross_stitches, layout_basic, enter_bailey_2
Temple:   corrupted_temple
Bailey:   bailey_polearm_3, bailey

Skill      XL: |  1  2  3  4  5  6  7  8  9 10 |
---------------+-------------------------------+-----
Dodging        | 2 3 |  3.0
Fighting       | 2 3 4 5 |  5.0
Unarmed Combat | 4 5 6 7 8 9 10 | 10.8
Invocations    | 1 4 |  4.1
Poison Magic   | 1 2 |  2.1
Transmutations | 5 8 |  8.0
Spellcasting   | 3 |  3.1
Shields        | 2 4 |  4.0
Hexes          | 1 4 |  4.3

Action                   |  1- 3 |  4- 6 |  7- 9 | 10-12 || total
-------------------------+-------+-------+-------+-------++-------
Melee: Unarmed           |   104 |   223 |   367 |   153 ||   847
       Kick              |     4 |     9 |     1 |       ||    14
       Tailslap          |     7 |    23 |    32 |     5 ||    67
       Headbutt          |     5 |    13 |     1 |       ||    19
       Punch             |       |     7 |     4 |       ||    11
Throw: Stone             |     7 |       |       |       ||     7
 Cast: Beastly Appendage |    21 |    22 |     4 |     1 ||    48
       Sticks to Snakes  |     4 |    26 |    16 |     3 ||    49
       Spider Form       |     1 |     4 |    17 |    10 ||    32
       Confusing Touch   |       |       |       |     2 ||     2
Invok: Minor Destruction |       |       |     4 |     1 ||     5
       Lesser Servant of |       |       |     3 |     4 ||     7
 Abil: Breathe Acid      |       |       |     7 |     3 ||    10
  Use: Scroll            |       |    16 |     5 |     1 ||    22
       Potion            |       |     2 |     4 |     1 ||     7
 Stab: Sleeping          |     2 |     2 |       |       ||     4
       Distracted        |       |     1 |       |     1 ||     2
  Eat: Chunk             |     4 |    13 |    18 |     5 ||    40
       Ration            |       |       |       |     2 ||     2
Armor: Skin              |    37 |    73 |    68 |    23 ||   201
Dodge: Dodged            |    82 |   190 |   272 |   113 ||   657
Block: Buckler           |       |       |    14 |    26 ||    40
       Other             |       |       |     8 |    26 ||    34
       Reflection        |       |       |       |     2 ||     2

Table legend:
 A = Non-vault XP
 B = Vault XP
 C = Vault XP percentage of total XP
 D = Non-vault monster count
 E = Vault monster count
 F = Vault count percentage of total count
                 A         B        C        D         E       F
            +---------+---------+-------+---------+---------+-------
      Total |    4460 |    4958 |  52.6 |     175 |      88 |  33.5
            +---------+---------+-------+---------+---------+-------
        D:1 |      37 |       0 |   0.0 |      23 |       0 |   0.0
        D:2 |      53 |      35 |  39.8 |      20 |       1 |   4.8
        D:3 |     106 |       9 |   7.8 |      28 |       3 |   9.7
        D:4 |     530 |      36 |   6.4 |      15 |       1 |   6.2
        D:5 |     612 |       0 |   0.0 |      14 |       0 |   0.0
        D:6 |    1109 |     150 |  11.9 |      32 |      11 |  25.6
        D:7 |    1144 |    2227 |  66.1 |      26 |      16 |  38.1
        D:8 |     869 |     181 |  17.2 |      17 |       2 |  10.5
      Sewer |       0 |     266 | 100.0 |       0 |      50 | 100.0
     Bailey |       0 |    2054 | 100.0 |       0 |       4 | 100.0
            +---------+---------+-------+---------+---------+-------
